Map: Blackpink LE

Players

fruitcake - Winner!

  • Race: Terran Terran
  • Spawn Location: 1:00

A.I. 1 (Very Hard)

  • Race: Protoss Protoss
  • Spawn Location: 7:00

VOD

Have the link to the VOD?

Description

Time

  • Played on: May 5, 2018, 4:46 p.m.
  • Length: 12:32
Show
View Real Time Build Order
Export as new Build Order

fruitcake Terran - Winner!

Build Orders: Bio Tank 

Get SALT Encoding   

  12  0:01  SCV  
  13  0:14  Supply Depot  
  13  0:18  SCV  
  14  0:25  Refinery  
  14  0:30  SCV  
  15  0:42  SCV  
  16  0:48  Barracks  
  16  0:54  SCV  
  17  1:06  SCV  
  18  1:18  SCV  
  19  1:33  Barracks  
  19  1:35  SCV  
  19  1:39  Marine  
  21  1:47  SCV  
  21  1:52  Factory  
  22  2:01  Marine  
  23  2:04  Refinery  
  23  2:08  Supply Depot  
  23  2:29  Command Center  
  23  2:30  Marine  
  24  2:42  Factory Reactor  
  24  2:45  Barracks Tech Lab  
  24  2:49  Factory Tech Lab  
  24  2:51  Barracks Reactor  
  24  2:59  SCV  
  25  3:06  Marine  
  25  3:11  SCV  
  27  3:17  Supply Depot  
  27  3:23  SCV  
  27  3:25  Marauder  
  30  3:32  Engineering Bay  
  30  3:33  Marine  
  31  3:44  Orbital Command  
  31  3:46  Marine  
  31  3:47  SCV  
  33  3:59  SCV, Stimpack  
  34  4:02  Terran Infantry Weapons Level 1  
  34  4:04  Marauder  
  36  4:11  Siege Tank  
  36  4:14  SCV  
  40  4:17  SCV  
  41  4:27  Refinery  
  41  4:29  SCV  
  42  4:31  Marine  
  42  4:32  Refinery  
  42  4:35  Marauder  
  45  4:41  SCV  
  45  4:43  Siege Tank  
  49  4:49  Supply Depot  
  49  4:50  SCV  
  50  4:53  SCV  
  51  5:01  Marine, Marauder  
  54  5:10  SCV, Supply Depot  
  55  5:15  Marine  
  55  5:18  SCV  
  57  5:22  Marauder  
  57  5:23  SCV  
  60  5:32  Siege Tank  
  60  5:35  SCV, Supply Depot, Orbital Command  
  64  5:36  Supply Depot  
  64  5:42  Armory  
  64  5:50  SCV  
  65  6:02  SCV  
  66  6:12  Marine, Marauder  
  66  6:13  Marine  
  66  6:14  SCV, Siege Tank  
  74  6:26  Concussive Shells  
  74  6:29  Marine  
  74  6:30  Marine  
  74  6:32  Terran Vehicle Weapons Level 1  
  76  6:34  Marauder  
  78  6:43  SCV  
  79  6:55  SCV, Marauder  
  79  6:56  Starport  
  79  6:58  Siege Tank  
  79  7:01  Marine  
  86  7:08  Combat Shields  
  86  7:10  Supply Depot  
  86  7:19  Supply Depot, Orbital Command  
  86  7:31  Marine  
  86  7:32  Marauder  
  86  7:34  Marine  
  86  7:35  Supply Depot  
  86  7:36  Siege Tank  
  93  7:43  Supply Depot  
  93  7:49  Marine  
  94  7:52  Marine  
  94  7:53  Marauder  
  94  7:55  Medivac  
  99  7:59  Supply Depot  
  99  8:03  Terran Infantry Weapons Level 2  
  99  8:07  Marine  
  99  8:08  Siege Tank  
  99  8:10  Supply Depot  
  103  8:15  Marauder  
  105  8:28  Marine x2  
  107  8:36  Marauder  
  107  8:40  Siege Tank  
  91  8:51  Marine x2  
  88  8:57  Marauder  
  88  9:02  Medivac  
  92  9:09  Marine x2  
  94  9:19  Marauder  
  96  9:27  Marine x2  
  96  9:28  Terran Vehicle Weapons Level 2  
  96  9:29  Command Center  
  100  9:32  Siege Tank, Medivac  
  103  9:40  Marauder  
  103  9:45  Marine x2  
  107  10:01  Marauder  
  107  10:02  Medivac  
  107  10:03  Marine x2  
  107  10:04  Siege Tank  
  116  10:20  Marine x2  
  118  10:23  Marauder  
  120  10:32  Medivac  
  122  10:36  Siege Tank  
  122  10:38  Marine x2  
  122  10:39  SCV x2  
  122  10:40  SCV  
  130  10:44  Marauder  
  132  10:51  SCV x2  
  132  10:56  Marine x2  
  136  11:02  Medivac  
  136  11:03  SCV  
  139  11:06  Marauder  
  139  11:08  Siege Tank  
  144  11:14  Marine x2  
  122  11:27  Marauder  
  122  11:32  Marine x2, Medivac  
  128  11:41  Siege Tank  
  129  11:48  Marauder  
  129  11:49  Marine  
  129  11:50  Marine  
  126  12:02  Medivac  
  126  12:07  Marine x2  
  130  12:10  Marauder  
Show
View Real Time Build Order
Export as new Build Order

A.I. 1 (Very Hard) Protoss 

Build Orders: Zealot Archon 

Get SALT Encoding   

  12  0:00  Probe  
  13  0:13  Probe  
  14  0:20  Pylon  
  14  0:25  Probe  
  15  0:34  Probe  
  16  0:42  Probe  
  16  0:47  Assimilator  
  17  0:50  Gateway  
  17  0:51  Probe  
  18  1:00  Probe  
  18  1:01  Pylon  
  19  1:08  Probe  
  20  1:19  Probe  
  21  1:38  Gateway, Zealot  
  21  1:39  Probe  
  22  1:40  Cybernetics Core  
  24  1:50  Pylon  
  24  1:51  Probe  
  25  1:57  Zealot  
  25  2:04  Assimilator  
  27  2:09  Probe  
  28  2:15  Warp Gate  
  28  2:21  Probe  
  29  2:24  Adept  
  29  2:25  Adept  
  33  2:39  Robotics Facility  
  33  2:40  Probe  
  34  2:51  Adept  
  34  2:53  Adept  
  38  2:59  Probe  
  38  3:01  Pylon  
  39  3:19  Adept  
  41  3:20  Sentry  
  43  3:29  Immortal  
  43  3:33  Pylon  
  47  3:51  Stalker x2  
  47  3:54  Pylon  
  51  4:08  Immortal  
  55  4:16  Pylon  
  55  4:22  Twilight Council  
  55  4:28  Adept  
  57  4:58  Gateway  
  57  5:01  Templar Archives  
  57  5:19  Zealot  
  59  5:27  Nexus  
  59  5:39  High Templar  
  61  5:48  Gateway  
  61  5:53  High Templar  
  63  6:02  Stalker  
  65  6:05  Pylon  
  65  6:09  Archon  
  65  6:29  High Templar  
  68  6:40  Probe x2  
  69  6:49  Assimilator  
  69  6:51  Assimilator  
  69  6:52  Probe  
  69  6:53  Probe  
  71  6:59  High Templar  
  73  7:04  Probe  
  73  7:05  Probe  
  73  7:07  Stalker  
  77  7:11  Forge  
  77  7:12  Probe  
  77  7:17  Probe  
  77  7:19  Observer  
  77  7:20  Probe  
  77  7:21  Archon  
  80  7:29  Probe  
  82  7:30  Probe  
  82  7:31  Pylon  
  82  7:35  High Templar  
  85  7:41  Probe  
  85  7:42  Probe  
  87  7:45  Forge  
  87  7:49  High Templar  
  89  7:53  Probe  
  89  7:54  Stalker, Probe  
  89  7:56  Pylon  
  93  7:59  Stalker  
  93  8:03  Stalker  
  93  8:04  Archon  
  98  8:05  Probe  
  98  8:06  Probe  
  99  8:17  High Templar, Pylon, Probe  
  102  8:31  High Templar  
  102  8:32  Pylon  
  104  8:36  Stalker  
  104  8:38  Zealot  
  104  8:41  Gateway  
  84  8:48  Zealot  
  84  8:55  Archon  
  74  8:58  Adept  
  74  8:59  Zealot  
  74  9:00  Sentry  
  74  9:02  Zealot  
  82  9:18  Stalker  
  82  9:19  Zealot  
  82  9:20  High Templar  
  82  9:23  Adept  
  90  9:33  High Templar  
  90  9:35  Zealot  
  90  9:36  Immortal  
  98  9:41  Zealot  
  98  9:43  Zealot  
  98  9:45  Nexus  
  102  9:49  Archon  
  102  9:52  Stalker  
  104  9:53  Pylon  
  104  9:55  Zealot  
  104  9:57  High Templar  
  108  10:01  Zealot  
  108  10:04  High Templar  
  111  10:16  Immortal  
  111  10:17  Stalker  
  111  10:20  Archon  
  117  10:25  Pylon  
  117  10:32  High Templar  
  119  10:46  High Templar  
  120  10:55  Immortal  
  120  10:56  Photon Cannon  
  124  10:58  Probe x3  
  124  11:00  Zealot  
  124  11:01  Zealot  
  124  11:03  Zealot  
  133  11:09  Stalker  
  133  11:10  Zealot, Probe x2  
  133  11:11  Assimilator, Probe  
  136  11:18  Pylon  
  101  11:20  Probe  
  101  11:21  Adept  
  101  11:23  Stalker  
  101  11:24  High Templar  
  72  11:34  Immortal  
  72  11:42  Probe  
  72  11:45  High Templar  
  73  11:51  Zealot  
  34  12:02  Nexus  
  34  12:04  High Templar  
Tags
 
Add a new tag
Caveats
  • Supply blocks, unpowered buildings, or Contaminate may cause inaccurate times.
  • Supply counts are checked every 10 seconds.